 Dungeon Crawl Stone Soup version 0.28.0-45-g0d030f2227 (webtiles) character file.

Game seed: 17676470991635300480

406 Antichthon the Grasshopper (level 6, -3/55 HPs)
             Began as a Naga Warper on Apr 10, 2022.
             Killed by nerve-wracking pain
             ... invoked by Grinder
              (8 damage)
             ... on level 4 of the Dungeon.
             The game lasted 00:09:21 (5587 turns).

Antichthon the Grasshopper (Naga Warper)            Turns: 5587, Time: 00:09:26

Health: -3/55      AC:  3    Str: 13    XL:     6   Next: 87%
Magic:  17/19      EV:  8    Int: 13    God:
Gold:   178        SH:  7    Dex: 13    Spells: 2/10 levels left

rFire   . . .      SeeInvis +   a - +0 mace
rCold   . . .      Faith    .   o - +0 kite shield
rNeg    . . .      Spirit   .   b - +0 leather armour
rPois   +          Reflect  .   (no helmet)
rElec   .          Harm     .   (no cloak)
rCorr   .          Rampage  .   (no gloves)
Will    .....                   (no barding)
Stlth   ++........              (no amulet)
HPRegen 0.18/turn               m - ring of magical power
MPRegen 0.16/turn               (no ring)

@: very slightly contaminated, very slow
A: AC +2, large, see invisible, deformed body, poison resistance, slowness 2,
spit poison 1, naga tail 1
a: Spit Poison


You were on level 4 of the Dungeon.
You visited 1 branch of the dungeon, and saw 4 of its levels.

You collected 178 gold pieces.

Inventory:

Hand Weapons
 a - a +0 mace (weapon)
Missiles
 d - 5 boomerangs of dispersal (quivered)
Armour
 b - a +0 leather armour (worn)
 o - a +0 kite shield (worn)
Jewellery
 m - a ring of magical power (left hand)
Wands
 c - a wand of polymorph (8)
 f - a wand of flame (7)
Scrolls
 j - a scroll of holy word
 l - a scroll of enchant armour
 n - a scroll of silence {unknown}
 q - a scroll of teleportation {unknown}
Potions
 e - a potion of magic
 g - a potion of haste {unknown}
 h - a potion of ambrosia {unknown}
 i - 2 potions of might {unknown}
 k - a potion of degeneration {unknown}


   Skills:
 + Level 2.7 Fighting
 + Level 3.2 Maces & Flails
 - Level 0.8 Throwing
 + Level 2.7 Armour
 + Level 2.2 Dodging
 * Level 3.5 Stealth
 + Level 0.2 Shields
 * Level 2.9 Spellcasting
 * Level 4.0 Translocations


You had 2 spell levels left.
You knew the following spells:

 Your Spells              Type           Power      Damage    Failure   Level
a - Blink                 Tloc           24%        N/A       22%         2
b - Gell's Gravitas       Tloc           12%        N/A       41%         3
c - Lesser Beckoning      Tloc           12%        N/A       41%         3

Your spell library contained the following spells:

 Spells                   Type           Power      Damage    Failure   Level
 Sting                    Tmut/Pois      4%         1d3       61%         1
 Poisonous Vapours        Pois/Air       2%         N/A       75%         2
 Teleport Other           Tloc           12%        N/A       41%         3
 Ignite Poison            Fire/Tmut/Pois 1%         N/A       93%         3
 Inner Flame              Hex/Fire       1%         N/A       93%         3
 Spider Form              Tmut/Pois      1%         N/A       93%         3
 Manifold Assault         Tloc           12%        N/A       99%         5
 Animate Dead             Necr           0%         N/A       100%        4
 Cause Fear               Hex            0%         N/A       100%        4
 Olgreb's Toxic Radiance  Pois           1%         N/A       100%        4
 Alistair's Intoxication  Tmut/Pois      0%         N/A       100%        5
 Discord                  Hex            0%         N/A       100%        8


Dungeon Overview and Level Annotations

Branches:
Dungeon (4/15)
 Temple: D:4-7

Altars:
Nemelex Xobeh
The Shining One

Annotations:
D:4 Grinder


Innate Abilities, Weirdness & Mutations

Your serpentine skin is tough. (AC +2)
You have supernaturally acute eyesight. (SInv)
Armour fits poorly on your strangely shaped body.
Your system is resistant to poisons. (rPois)
You cover ground very slowly.
You can spit poison.
You have a snake-like lower body.


Message History

Grinder hits you.
You writhe in agony.
Grinder hits you!
You hit Grinder.
Grinder is moderately wounded.
You block Grinder's attack.
You hit Grinder.
Grinder is heavily wounded.
You have got your breath back.
Grinder hits you.
You writhe in agony.
Grinder hits you.
You writhe in agony.
Aiming: Spit Poison (1% risk of failure)
Press: ? - help, Shift-Dir - straight line, f/p - Grinder
Aim: Grinder (heavily wounded, 54% to hit)
The splash of poison misses Grinder.
Grinder hits you but does no damage.
You closely miss Grinder.
Grinder is heavily wounded.
Grinder hits you.
* * * LOW HITPOINT WARNING * * *
You writhe in agony.
* * * LOW HITPOINT WARNING * * *
You hit Grinder.
Grinder is heavily wounded.
Grinder completely misses you.
You hit Grinder.
Grinder is severely wounded.
You have got your breath back.
Grinder gestures at you. Pain shoots through your body!
* * * LOW HITPOINT WARNING * * *
Grinder barely misses you.
Okay, then.
You hit Grinder but do no damage.
Grinder is severely wounded.
You block Grinder's attack.
Casting: Blink (safe; 22% risk of failure)
Confirm with . or Enter, or press ? or * to list all spells.
You miscast Blink.
You are very lightly contaminated with residual magic.
Nothing appears to happen.
Grinder gestures at you. Pain shoots through your body!
You die...

# # #. .# #.###
####.##
##....##.......
.#............
.(..#.......#
#.....85..#
#....8@8..#
#.#...8...#.#
#.........#
#$......#.#
......./....# #
.##...........#
####..#...$.#
............
.##..#>....#


You could see Grinder.

Vanquished Creatures
  Sigmund (D:2)
  A black bear (D:4)
  A scorpion (D:3)
  Robin (D:2)
  2 adders
  A worm (D:2)
  A dart slug (D:2)
  5 ball pythons
  6 endoplasms
  3 giant cockroaches
  15 goblins
  2 hobgoblins
  4 quokkas
  5 bats
  5 frilled lizards
  4 kobolds (D:1)
  4 rats
61 creatures vanquished.

Notes
Turn   | Place    | Note
-------+----------+-------------------------------------------
     0 | D:1      | Antichthon the Naga Warper began the quest for the Orb.
     0 | D:1      | Reached XP level 1. HP: 19/19 MP: 3/3
   735 | D:1      | Reached XP level 2. HP: 22/26 MP: 5/5
  1209 | D:2      | Noticed Robin
  1354 | D:1      | Reached skill level 1 in Stealth
  1355 | D:1      | Reached skill level 1 in Armour
  1355 | D:1      | Reached XP level 3. HP: 10/33 MP: 6/6
  1364 | D:1      | Learned a level 2 spell: Blink
  2151 | D:2      | Killed Robin
  2175 | D:2      | Found a glowing golden altar of the Shining One.
  2478 | D:2      | Reached XP level 4. HP: 40/40 MP: 7/7
  2534 | D:2      | Noticed Sigmund
  2551 | D:2      | Killed Sigmund
  2552 | D:2      | Reached XP level 5. HP: 20/46 MP: 8/8
  2904 | D:2      | Learned a level 3 spell: Gell's Gravitas
  2908 | D:2      | Learned a level 3 spell: Lesser Beckoning
  2960 | D:2      | Reached XP level 6. HP: 55/55 MP: 9/9
  3366 | D:3      | Got the Volume of the Disturbing Gods
  3432 | D:3      | Found a sparkling altar of Nemelex Xobeh.
  3527 | D:3      | Noticed Ijyb
  3548 | D:3      | HP: 2/55 [Ijyb/puff of flame (5)]
  3553 | D:3      | Noticed Ijyb
  3553 | D:3      | Ijyb changed into Ijyb the bat
  3554 | D:3      | Killed Ijyb the bat
  3960 | D:3      | Found a faded altar of an unknown god.
  4549 | D:4      | Noticed a black bear
  4564 | D:4      | Killed a black bear
  4751 | D:4      | Noticed Grinder
  4835 | D:3      | Reached skill level 4 in Translocations
  5108 | D:4      | Paralysed by Grinder for 6 turns
  5120 | D:4      | Paralysed by Grinder for 4 turns
  5587 | D:4      | Killed from afar by Grinder

Illustrated notes

Levels and vault maps discovered:
D:1:      saegor_arrival_simple_b, layout_rooms
D:2:      layout_loops_corners, basic_altar, minmay_pentomino_x4, uniq_sigmund,
          uniq_robin
D:3:      layout_basic, mainiacjoe_overflow_small_starburst,
          shapermc_ecumenical_altar_starsandcircs, st_stairs_13,
          grunt_ministairs_2, uniq_ijyb
D:4:      layout_loops_ring, minmay_temple_entry_hall, st_stairs_14,
          uniq_grinder

Skill      XL: |  1  2  3  4  5  6 |
---------------+-------------------+-----
Stealth        | 1 2 3 |  3.5
Armour         | 1 2 |  2.7
Dodging        | 2 |  2.2
Maces & Flails | 3 |  3.2
Translocations | 4 |  4.0
Fighting       | |  2.7
Throwing       | |  0.8
Shields        | |  0.2
Spellcasting   | |  2.9

Action                   |  1- 3 |  4- 6 || total
-------------------------+-------+-------++-------
Melee: Mace              |    93 |   117 ||   210
       Unarmed           |     4 |       ||     4
       Punch             |       |     1 ||     1
 Cast: Blink             |       |     1 ||     1
 Abil: Spit Poison       |     8 |    30 ||    38
Evoke: Wand              |       |     1 ||     1
  Use: Scroll            |     4 |     4 ||     8
       Potion            |     2 |       ||     2
 Stab: Sleeping          |       |     4 ||     4
Armor: Leather armour    |    25 |    37 ||    62
       Skin              |     1 |       ||     1
Dodge: Dodged            |    71 |    49 ||   120
Block: Kite shield       |       |    26 ||    26
